 Dungeon Crawl Stone Soup version 0.29.1-15-g9cfb28693d (webtiles) character file.

Game seed: 11122790382239240251

9 javelincjr the Magician (level 2, 20/20 HPs)
             Began as a Demonspawn Hedge Wizard on Apr 4, 2023.
             Quit the game on level 1 of the Dungeon.
             The game lasted 00:01:00 (929 turns).

javelincjr the Magician (Demonspawn Hedge Wizard)    Turns: 929, Time: 00:01:01

Health: 20/20      AC:  2    Str: 10    XL:     2   Next: 6%
Magic:  4/6        EV: 12    Int: 15    God:
Gold:   41         SH:  0    Dex: 12    Spells: 6/7 levels left

rFire   . . .      SeeInvis .   a - +0 dagger
rCold   . . .      Faith    .   (no shield)
rNeg    . . .      Spirit   .   b - +0 robe
rPois   .          Reflect  .   c - +0 hat
rElec   .          Harm     .   (no cloak)
rCorr   .          Rampage  .   (no gloves)
Will    .....                   (no boots)
Stlth   ++........              (no amulet)
HPRegen 0.06/turn               (no ring)
MPRegen 0.10/turn               (no ring)

@: no status effects
A: antennae 1
a: no special abilities


You were on level 1 of the Dungeon.
You visited 1 branch of the dungeon, and saw 1 of its levels.

You collected 41 gold pieces.

Inventory:

Hand Weapons
 a - a +0 dagger (weapon)
Armour
 b - a +0 robe (worn)
 c - a +0 hat (worn)
Potions
 d - a potion of magic
 e - a potion of curing {unknown}


   Skills:
 * Level 0.5 Fighting
 + Level 0.2 Armour
 + Level 1.9 Dodging
 - Level 1.7 Stealth
 * Level 3.1 Spellcasting
 + Level 1.1 Conjurations
 + Level 1.1 Summonings
 + Level 1.0 Translocations


You had 6 spell levels left.
You knew the following spells:

 Your Spells              Type           Power      Damage    Failure   Level
a - Magic Dart            Conj           20%        1d4       13%         1

Your spell library contained the following spells:

 Spells                   Type           Power      Damage    Failure   Level
 Call Imp                 Summ           5%         N/A       19%         2
 Slow                     Hex            8%         N/A       21%         1
 Blink                    Tloc           10%        N/A       21%         2
 Conjure Flame            Conj/Fire      4%         6-21      43%         3
 Mephitic Cloud           Conj/Pois/Air  3%         N/A       45%         3


Dungeon Overview and Level Annotations

Branches:
Dungeon (1/15)

Altars:


Innate Abilities, Weirdness & Mutations

You have a pair of small antennae on your head.


Message History

You are very lightly contaminated with residual magic.
Nothing appears to happen.
The magic dart hits the endoplasm but does no damage.
The endoplasm is lightly wounded.
The magic dart hits the endoplasm.
The endoplasm is moderately wounded.
You are out of magic!
You hit the endoplasm but do no damage.
The endoplasm is moderately wounded.
The endoplasm barely misses you.
You barely miss the endoplasm.
The endoplasm is moderately wounded.
The endoplasm hits you.
You hit the endoplasm but do no damage.
The endoplasm is moderately wounded.
The endoplasm closely misses you.
Your magical contamination has completely faded away.
You hit the endoplasm.
The endoplasm is almost dead.
The endoplasm closely misses you.
You hit the endoplasm.
You kill the endoplasm!
You have reached level 2!
You feel monstrous as your demonic heritage exerts itself.
Your demonic ancestry asserts itself...
A pair of antennae grows on your head!
You see here a +0 club.
You now have 41 gold pieces (gained 13).
Things that are here:
a +0 whip; a stone
There is an open door here.
You open the door.
A goblin comes into view. It is wielding a +0 club.
The magic dart hits the goblin.
The goblin is moderately wounded.
The goblin shouts!
The magic dart hits the goblin.
You kill the goblin!
You can't see any susceptible monsters within range! (Use Z to cast anyway.) Are you sure you want to abandon this character and quit the game? (Confirm with "yes".)

###.........# #.#
#.........# #.#
#.###.##### #.#
###.###.#######.#
.##.............##
.######.######...#
....>##.# #...#
####.##.######...######.
..........)..'..@'.)....
####.#########...######.
#.# #...# ####'####
##### ........#
........###
..........####
.............#
........#.#..##


There were no monsters in sight!

Vanquished Creatures
  2 endoplasms (D:1)
  2 goblins (D:1)
  A hobgoblin (D:1)
  A ball python (D:1)
  A bat (D:1)
  A kobold (D:1)
  A rat (D:1)
9 creatures vanquished.

Notes
Turn   | Place    | Note
-------+----------+-------------------------------------------
     0 | D:1      | javelincjr the Demonspawn Hedge Wizard began the quest for
                  | the Orb.
     0 | D:1      | Reached XP level 1. HP: 13/13 MP: 4/4
   581 | D:1      | Reached skill level 1 in Translocations
   722 | D:1      | Discovered your monstrous ancestry.
   722 | D:1      | Gained mutation: You have a pair of small antennae on your
                  | head. [demonic ancestry]
   722 | D:1      | Reached XP level 2. HP: 18/20 MP: 0/6
   929 | D:1      | Quit the game

Illustrated notes

Levels and vault maps discovered:
D:1:      saegor_arrival_simple_d, layout_basic, kennysheep_decorative_pillar

Skill      XL: |  1 |
---------------+----+-----
Translocations | 1 |  1.0
Fighting       | |  0.5
Armour         | |  0.2
Dodging        | |  1.9
Stealth        | |  1.7
Spellcasting   | |  3.1
Conjurations   | |  1.1
Summonings     | |  1.1

Action                   || total
-------------------------++-------
Melee: Dagger            ||    13
 Cast: Magic Dart        ||    18
Armor: Robe              ||     2
Dodge: Dodged            ||     8
